 Dungeon Crawl Stone Soup version 0.29-a0-380-gf50f0a9fbc (webtiles) character file.

Game seed: 7418445854643279691

81 Antichthon the Covered (level 4, -5/29 HPs)
             Began as a Gargoyle Fighter on May 6, 2022.
             Killed from afar by a white imp (9 damage)
             ... with a puff of frost
             ... summoned by Natasha
             ... on level 2 of the Dungeon.
             The game lasted 00:02:31 (1598 turns).

Antichthon the Covered (Gargoyle Fighter)           Turns: 1598, Time: 00:02:31

Health: -5/29      AC: 10    Str: 20    XL:     4   Next: 40%
Magic:  4/4        EV:  9    Int: 10    God:
Gold:   50         SH:  5    Dex:  9    Spells: 3/3 levels left

rFire   + . .      SeeInvis .   a - +0 flail
rCold   . . .      Faith    .   c - +1 buckler
rNeg    + . .      Spirit   .   b - +0 scale mail
rPois   ∞          Reflect  .   (no helmet)
rElec   +          Harm     .   (no cloak)
rCorr   .          Rampage  .   (no gloves)
Will    .....                   (no boots)
Stlth   ..........              (no amulet)
HPRegen 0.09/turn               k - ring of protection from fire
MPRegen 0.09/turn               (no ring)

@: no status effects
A: sickness immunity, AC +3, negative energy resistance 1, electricity
resistance, torment resistance 1, petrification resistance
a: no special abilities


You were on level 2 of the Dungeon.
You visited 1 branch of the dungeon, and saw 2 of its levels.

You collected 50 gold pieces.

Inventory:

Hand Weapons
 a - a +0 flail (weapon)
Armour
 b - a +0 scale mail (worn)
 c - a +1 buckler (worn)
Jewellery
 k - a ring of protection from fire (left hand)
Potions
 d - a potion of might
 e - a potion of brilliance
 f - a potion of flight
 g - a potion of invisibility {unknown}
 h - a potion of heal wounds {unknown}
 i - a potion of mutation {unknown}


   Skills:
 * Level 3.8 Fighting
 * Level 2.8 Maces & Flails
 * Level 4.0 Armour
 * Level 0.5 Dodging
 * Level 3.5 Shields
 * Level 1.0 Invocations


You had 3 spell levels left.
You didn't know any spells.
Your spell library contained the following spells:

 Spells                   Type           Power      Damage    Failure   Level
 Slow                     Hex            0%         N/A       80%         1
 Confusing Touch          Hex            0%         N/A       99%         3
 Vampiric Draining        Necr           0%         2d6       99%         3


Dungeon Overview and Level Annotations

Branches:
Dungeon (2/15)

Altars:

Annotations:
D:2 Natasha


Innate Abilities, Weirdness & Mutations

You are immune to sickness and miasma.
Your stone body is resilient. (AC +3)
You are immune to poison.
You resist negative energy. (rN+)
You are resistant to electric shocks. (rElec)
You are resistant to unholy torment.
You are immune to petrification.


Message History

The giant cockroach barely misses you. The giant cockroach bites you.
You thump the giant cockroach!
You kill the giant cockroach!
Natasha, Servant of Life and Death comes into view.
Natasha is nearby!
Natasha casts a spell.
You barely miss Natasha.
Natasha stares at you and mumbles some strange words.
The magic dart hits you! The white imp closely misses you.
Natasha casts a spell at you. The magic dart hits you.
You sock Natasha!
Natasha is heavily wounded.
The white imp barely misses you. Natasha claws you but does no damage.
You closely miss Natasha.
Natasha is moderately wounded.
The white imp barely misses you. Natasha claws you.
You barely miss Natasha.
Natasha is moderately wounded.
The white imp gestures at you. The puff of frost hits you.
Natasha claws you but does no damage. You block the white imp's attack.
You barely miss Natasha.
Natasha is moderately wounded.
Natasha claws you. The white imp gestures at you. The puff of frost hits you.
* * * LOW HITPOINT WARNING * * *
Natasha claws you.
* * * LOW HITPOINT WARNING * * *
Okay, then.
You barely miss Natasha.
Natasha is moderately wounded.
The white imp barely misses you. Natasha barely misses you.
Unknown command.
You closely miss Natasha.
Natasha is moderately wounded.
The white imp gestures at you. The puff of frost hits you!
You die...

#########
#.......#
#.......###### .
#........#...
....##.5......#.#
......h@........#
###.............#
......####+#....#
...............>#
...#. ...#.#....#
## #. .
#.#....####.# # #
#.........#
#.....##### ..
......# #.....#


You could see Natasha and a white imp (summoned).

Vanquished Creatures
  Natasha (D:2)
  2 adders (D:2)
  A worm (D:2)
  4 endoplasms
  2 giant cockroaches
  3 goblins (D:1)
  2 hobgoblins
  4 quokkas
  5 ball pythons
  2 bats (D:2)
  3 frilled lizards (D:1)
  5 kobolds
34 creatures vanquished.

Notes
Turn   | Place    | Note
-------+----------+-------------------------------------------
     0 | D:1      | Antichthon the Gargoyle Fighter began the quest for the
                  | Orb.
     0 | D:1      | Reached XP level 1. HP: 14/14 MP: 1/1
   505 | D:1      | Reached XP level 2. HP: 19/19 MP: 2/2
   951 | D:1      | Found a faded altar of an unknown god.
  1048 | D:2      | Reached XP level 3. HP: 21/24 MP: 3/3
  1554 | D:2      | Noticed Natasha
  1560 | D:2      | Killed Natasha
  1561 | D:2      | Reached skill level 4 in Armour
  1561 | D:2      | Reached skill level 1 in Invocations
  1561 | D:2      | Reached XP level 4. HP: 29/29 MP: 4/4
  1588 | D:2      | Noticed Natasha
  1598 | D:2      | Killed from afar by a white imp

Illustrated notes

Levels and vault maps discovered:
D:1:      lemuel_arrival_muddy, layout_rooms, ebering_ecumenical_altar_ruins,
          minivault_11
D:2:      kennysheep_the_goblin_king, layout_basic, uniq_natasha

Skill      XL: |  1  2  3 |
---------------+----------+-----
Armour         | 4 |  4.0
Invocations    | 1 |  1.0
Fighting       | |  3.8
Maces & Flails | |  2.8
Dodging        | |  0.5
Shields        | |  3.5

Action                   |  1- 3 |  4- 6 || total
-------------------------+-------+-------++-------
Melee: Flail             |   106 |    13 ||   119
  Use: Scroll            |     7 |       ||     7
Armor: Scale mail        |    69 |     6 ||    75
Dodge: Dodged            |    53 |     8 ||    61
Block: Buckler           |    20 |     2 ||    22

Table legend: (Time is in decaauts)
 A = Elapsed time spent in this place.
 B = Non-inter-level travel time spent in this place.
 C = Inter-level travel time spent in this place.
 D = Time resting spent in this place.
 E = Time spent auto-exploring this place.
 F = Levels seen in this place.
 G = Mean time per level.
                   A        B        C        D        E       F      G
               +--------+--------+--------+--------+--------+-----+--------+
         Total |   1636 |   1607 |     29 |      0 |   1266 |   2 |  818.0 |
       Dungeon |   1636 |   1607 |     29 |      0 |   1266 |   2 |  818.0 |
               +--------+--------+--------+--------+--------+-----+--------+

Top non-repeatable levels by time:
     D:1: 1059 daAuts
     D:2: 577 daAuts
